 Dungeon Crawl Stone Soup version 0.24.0-123-gd5b16e6ec5 (webtiles) character file.

Game seed: 1753437676187730988, levelgen mode: deterministic

67 Chiseanne the Magician (level 4, 29/30 HPs)
             Began as a Demonspawn Wizard on Jan 21, 2020.
             Quit the game on level 2 of the Dungeon.
             The game lasted 00:02:37 (2386 turns).

Chiseanne the Magician (Demonspawn Wizard)          Turns: 2386, Time: 00:02:37

Health: 29/30      AC:  2    Str:  8    XL:     4   Next: 0%
Magic:  1/9        EV: 12    Int: 20    God:
Gold:   107        SH:  0    Dex: 11    Spells: 9/10 levels left

rFire    . . .     SeeInvis .   a - +1 short sword
rCold    . . .     Gourm    .   (no shield)
rNeg     . . .     Faith    .   l - +0 robe
rPois    .         Spirit   .   b - +0 hat
rElec    .         Reflect  .   (no cloak)
rCorr    .         Harm     .   (no gloves)
MR       .....                  (no boots)
Stlth    ++........             (no amulet)
HPRegen  0.10/turn              (no ring)
MPRegen  0.11/turn              (no ring)

@: no status effects
A: demonic guardian 1, sturdy frame 1
a: no special abilities


You were on level 2 of the Dungeon.
You were not hungry.

You visited 1 branch of the dungeon, and saw 2 of its levels.

You collected 107 gold pieces.

Inventory:

Hand Weapons
 a - a +1 short sword (weapon)
Missiles
 g - 69 sling bullets
 h - 7 stones
 i - 6 poisoned darts (quivered)
 p - 4 boomerangs
Armour
 b - a +0 hat (worn)
 l - a +0 robe (worn)
Scrolls
 f - 2 scrolls of enchant weapon
 k - a scroll of teleportation
 n - a scroll of identify
Potions
 e - a potion of ambrosia
 j - a potion of lignification
 m - a potion of berserk rage
 o - a potion of curing {unknown}
Comestibles
 c - 2 chunks of flesh
 d - 2 rations


   Skills:
 - Level 1.7 Dodging
 - Level 1.7 Stealth
 * Level 3.9 Spellcasting
 * Level 2.8 Conjurations
   Level 1.0 Summonings
   Level 0.8 Translocations


You had 9 spell levels left.
You knew the following spells:

 Your Spells              Type           Power        Failure   Level  Hunger
a - Magic Dart            Conj           ###.         4%          1    None

Your spell library contained the following spells:

 Spells                   Type           Power        Failure   Level  Hunger
 Call Imp                 Summ           #.......     13%         2    ##.....
 Blink                    Tloc           N/A          14%         2    ##.....
 Slow                     Hex            #.......     21%         2    ##.....
 Conjure Flame            Conj/Fire      #.......     22%         3    ###....
 Mephitic Cloud           Conj/Pois/Air  #.......     26%         3    ###....


Dungeon Overview and Level Annotations

Branches:
Dungeon (2/15)

Altars:
The Shining One


Innate Abilities, Weirdness & Mutations

A weak demonic guardian rushes to your aid.
Your movements are slightly less encumbered by armour. (ER -2)


Message History

You kill the ball python!
Casting: Magic Dart (safe; 4% risk of failure)
Confirm with . or Enter, or press ? or * to list all spells.
Aiming: Magic Dart (safe; 4% risk of failure)
Press: ? - help, Shift-Dir - straight line, f - goblin
Aim: a goblin, wielding a +0 dagger The magic dart hits the goblin.
The goblin is severely wounded.
Casting: Magic Dart (safe; 4% risk of failure)
Confirm with . or Enter, or press ? or * to list all spells.
Aiming: Magic Dart (safe; 4% risk of failure)
Press: ? - help, Shift-Dir - straight line, f/p - goblin
Aim: a goblin, wielding a +0 dagger (severely wounded)
The magic dart hits the goblin.
You kill the goblin!
You have reached level 4!
You feel stronger.
Your demonic ancestry asserts itself...
You feel the presence of a demonic guardian.
An adder comes into view.
Are you sure you want to abandon this character and quit the game? (Confirm with "yes".)

#... ####.##
#...# #...#.#
.....
#.##.#######.
##.###........
#..# #.#####..
#..###.#
#...##.# #.
#.##..### ..
###@...# ##
#.)##..# #....
#..# #..##.†
#..# #..# S..
#..# #..# ##.)
#.) #..# #..
#. ##. .##


You could see an adder (wandering).

Vanquished Creatures
  2 adders (D:2)
  A worm (D:2)
  2 dart slugs (D:1)
  2 leopard geckos
  2 ball pythons
  3 bats
  4 giant cockroaches
  4 goblins
  4 hobgoblins
  2 jackals (D:2)
  6 frilled lizards
  5 kobolds
  3 rats (D:2)
40 creatures vanquished.

Notes
Turn   | Place    | Note
-------+----------+-------------------------------------------
     0 | D:1      | Chiseanne the Demonspawn Wizard began the quest for the
                  | Orb.
     0 | D:1      | Reached XP level 1. HP: 13/13 MP: 4/4
   253 | D:1      | Gained mutation: Your movements are slightly less
                  | encumbered by armour. (ER -2) [demonic ancestry]
   253 | D:1      | Reached XP level 2. HP: 8/19 MP: 0/6
   692 | D:1      | Found a glowing golden altar of the Shining One.
  1291 | D:2      | Reached XP level 3. HP: 16/24 MP: 8/8
  2385 | D:2      | Gained mutation: A weak demonic guardian rushes to your
                  | aid. [demonic ancestry]
  2385 | D:2      | Reached XP level 4. HP: 29/30 MP: 1/9
  2386 | D:2      | Quit the game

Levels and vault maps discovered:
D:1:      tarquinn_simple_flora_water_a, layout_basic, st_stairs_1, tso_altar
D:2:      minmay_alternating_diamond, layout_loops_corners, first_ration,
          serial_glass, glass_columns_a, glass_columns_a, uniq_terence

Skill      XL: |  1  2 |
---------------+-------+-----
Conjurations   | 2 |  2.8
Dodging        | |  1.7
Stealth        | |  1.7
Spellcasting   | |  3.9
Summonings     | |  1.0
Translocations | |  0.8

Action                   |  1- 3 |  4- 6 || total
-------------------------+-------+-------++-------
Melee: Club              |     4 |       ||     4
       Unarmed           |     2 |       ||     2
       Short sword       |    11 |       ||    11
 Cast: Magic Dart        |    90 |     1 ||    91
  Use: Scroll            |     6 |       ||     6
  Eat: Chunk             |     4 |       ||     4
Armor: Robe              |     2 |       ||     2
Dodge: Dodged            |    15 |       ||    15
